 Dungeon Crawl Stone Soup version 0.30.0-29-ga12c61a403 (webtiles) character file.

Game seed: 6209748127183560706

1010 Fecro the Covert (level 8, -1/39 HPs)
             Began as a Spriggan Brigand on June 16, 2023.
             Was a Follower of Dithmenos.
             Slain by a killer bee (7 damage)
             ... on level 7 of the Dungeon.
             The game lasted 00:28:38 (6756 turns).

Fecro the Covert (Spriggan Brigand)                 Turns: 6756, Time: 00:28:38

Health: -1/39      AC:  4    Str:  7    XL:     8   Next: 1%
Magic:  9/9        EV: 18    Int: 13    God:    Dithmenos [*.....]
Gold:   36         SH:  0    Dex: 18    Spells: 7/7 levels left

rFire   . . .        a - +4 dagger
rCold   . . .        (no shield)
rNeg    . . .        e - +1 animal skin
rPois   .            (helmet restricted)
rElec   .            c - +0 cloak
rCorr   .            (gloves unavailable)
SInv    +            (boots unavailable)
Will    +....        (no amulet)
Stlth   +++++        (no ring)
HPRegen 0.26/turn    (no ring)
MPRegen 0.11/turn

%: no passive effects
@: lethally poisoned (-1 -> -3), flying (expiring), wreathed by umbra, very
quick
A: very small, no large weapons, unfitting armour, see invisible, speed 3
a: Renounce Religion


You were on level 7 of the Dungeon.
You worshipped Dithmenos.
Dithmenos was aware of your devotion.
You visited 2 branches of the dungeon, and saw 9 of its levels.

You collected 211 gold pieces.
You spent 175 gold pieces at shops.

Inventory:

Hand Weapons
 a - a +4 dagger (weapon)
Missiles
 d - 9 poisoned darts
 i - 4 boomerangs (quivered)
 s - 6 datura-tipped darts
 y - 30 stones
Armour
 c - a +0 cloak (worn)
 e - a +1 animal skin (worn)
Jewellery
 o - a ring of willpower
Wands
 r - a wand of flame (13)
 t - a wand of iceblast (4)
Scrolls
 h - a scroll of vulnerability {unknown}
 l - 4 scrolls of identify
 m - a scroll of acquirement {unknown}
 n - 3 scrolls of immolation {unknown}
 p - a scroll of teleportation
 q - a scroll of magic mapping {unknown}
 v - 2 scrolls of poison {unknown}
 w - a scroll of enchant armour {unknown}
Potions
 g - 2 potions of ambrosia
 j - a potion of flight
 k - a potion of mutation {unknown}
 u - 2 potions of haste {unknown}
 x - a potion of lignification {unknown}
 z - 2 potions of curing


   Skills:
 + Level 2.3 Fighting
 + Level 4.2 Short Blades
 * Level 5.9 Throwing
 + Level 3.4 Dodging
 * Level 10.4 Stealth


You had 7 spell levels left.
You didn't know any spells.
Your spell library contained the following spells:

 Spells                   Type           Power      Damage    Failure   Level
 Vhi's Electric Charge    Tloc/Air       0%         N/A       67%         3
 Arcjolt                  Conj/Air       0%         1d10      100%        5
 Plasma Beam              Fire/Air       0%         2x1d11    100%        6


Dungeon Overview and Level Annotations

Branches:
Dungeon (8/15)             Temple (1/1) D:4
   Lair: D:8-11

Altars:
Ashenzari
Cheibriados
Dithmenos
Elyvilon
Fedhas
Gozag
Kikubaaqudgha
Nemelex Xobeh
Okawaru
Qazlal
Ru
Sif Muna
Trog
Uskayaw
Vehumet
Wu Jian
Xom
Yredelemnul

Shops:
D:4 *   D:6 ?

Annotations:
D:3 2 transporters, Tiring's ghost, amateur HORe


Innate Abilities, Weirdness & Mutations

You are very small and have problems with some larger weapons.
You are too small for most types of armour.
You have supernaturally acute eyesight. (SInv)
You cover ground extremely quickly. (Speed+++)


Message History

You are starting to lose your buoyancy.
Throw: 4 boomerangs
Press: ? - help, Q - select action, (/) - cycle Shift-Dir - straight line, f/p - killer bee
Aim: a killer bee (moderately wounded, 38% to hit)
You throw a boomerang. The boomerang misses the killer bee.
A killer bee is nearby!
You hit the killer bee.
The killer bee is heavily wounded.
The killer bee closely misses you. The killer bee stings you.
You are poisoned.
The killer bee poisons you!
You are too injured to fight recklessly!
You are too injured to fight recklessly!
You are too injured to fight recklessly!
You are too injured to fight recklessly!
You are too injured to fight recklessly!
Unknown command.
You hit the killer bee but do no damage.
The killer bee is heavily wounded.
You feel sick. The killer bee completely misses you.
You closely miss the killer bee.
The killer bee is heavily wounded.
You feel sick. The killer bee barely misses you.
The killer bee closely misses you.
You completely miss the killer bee.
The killer bee is moderately wounded.
You feel sick. The killer bee closely misses you.
You hit the killer bee.
The killer bee is moderately wounded.
You feel sick. The killer bee stings you.
* * * LOW HITPOINT WARNING * * *
The killer bee misses you.
The killer bee buzzes angrily.
You hit the killer bee.
The killer bee is severely wounded.
You feel sick. The killer bee misses you.
You miss the killer bee.
The killer bee is severely wounded.
You feel sick. The killer bee stings you!
You die...

#.#.♣.♣.#..###
#..........#
##........#
#y# #)# #.#
#.### #y..#
#@#.......
#.#..##...
#.#.## .#
#.#.### #. ##
#.#... # .. ..
#.#..# #. .# .
#.#.. #. f##.
#.#.# .#5 5.##
#.#.# #.#
#.#..$


You could see 2 killer bees.

Vanquished Creatures
  A black bear (D:6)
  An ogre (D:4)
  A scorpion (D:6)
  2 killer bees (D:8)
  A howler monkey (D:5)
  3 orc priests (D:5)
  3 hounds
  Natasha (thrice) (D:2)
  4 iguanas
  Terence (D:3)
  3 orc wizards
  Robin (D:3)
  9 adders
  2 ufetubi
  2 worms (D:2)
  3 dart slugs
  6 orcs
  6 ball pythons
  A bat zombie (D:6)
  An endoplasm (D:4)
  2 giant cockroaches
  8 hobgoblins
  9 kobolds
  2 quokkas (D:1)
  8 bats
  5 frilled lizards
  16 goblins
  2 rats (D:2)
106 creatures vanquished.

Notes
Turn   | Place    | Note
-------+----------+-------------------------------------------
     0 | D:1      | Fecro the Spriggan Brigand began the quest for the Orb.
     0 | D:1      | Reached XP level 1. HP: 10/10 MP: 2/2
    33 | D:1      | Reached skill level 6 in Stealth
   141 | D:1      | Reached XP level 2. HP: 14/15 MP: 3/3
   908 | D:2      | Reached skill level 7 in Stealth
  1045 | D:1      | Reached XP level 3. HP: 12/18 MP: 4/4
  1174 | D:2      | Noticed Natasha
  1314 | D:2      | Killed Natasha
  1315 | D:2      | Reached XP level 4. HP: 23/23 MP: 5/5
  1561 | D:2      | Noticed Natasha
  1574 | D:2      | Killed Natasha
  1575 | D:2      | Reached skill level 8 in Stealth
  1674 | D:2      | Noticed Natasha
  1688 | D:2      | Killed Natasha
  2037 | D:3      | Reached XP level 5. HP: 22/26 MP: 6/6
  2091 | D:3      | Noticed Robin
  2372 | D:3      | Killed Robin
  2460 | D:3      | Found a transporter.
  2460 | D:3      | Noticed Tiring's ghost (amateur HORe)
  2470 | D:3      | Noticed Terence
  2477 | D:3      | Killed Terence
  2493 | D:3      | Found a transporter.
  2732 | D:3      | Found a sacrificial altar of Ru.
  2956 | D:3      | Piso 3 - 1 Rojo
  2974 | D:4      | Noticed a phantom
  3003 | D:4      | Found a staircase to the Ecumenical Temple.
  3098 | D:4      | Found Ea-nāṣir's Fine Metal Goods.
  3731 | D:4      | Noticed an ogre
  3742 | D:4      | Killed an ogre
  3743 | D:4      | Reached skill level 9 in Stealth
  3743 | D:4      | Reached XP level 6. HP: 30/30 MP: 7/7
  4080 | Temple   | Entered the Ecumenical Temple
  4259 | Temple   | Became a worshipper of Dithmenos the Shadowed
  4590 | D:5      | Entered Level 5 of the Dungeon
  4727 | D:5      | Found an ornate altar of the Wu Jian Council.
  4840 | D:5      | Found a basalt altar of Yredelemnul.
  5315 | D:4      | Reached XP level 7. HP: 31/35 MP: 8/8
  5487 | D:4      | Reached skill level 10 in Stealth
  5928 | D:5      | Found a broken altar of Ashenzari.
  6098 | D:6      | Reached skill level 5 in Throwing
  6227 | D:6      | Found Tesch's Magic Scroll Emporium.
  6337 | D:6      | Bought a scroll of identify for 28 gold pieces
  6337 | D:6      | Bought a scroll of teleportation for 42 gold pieces
  6337 | D:6      | Bought a scroll of enchant weapon for 105 gold pieces
  6385 | D:6      | Found a radiant altar of Vehumet.
  6387 | D:6      | Reached * piety under Dithmenos
  6552 | D:6      | Found an ancient bone altar of Kikubaaqudgha.
  6655 | D:7      | Noticed a +0 dagger
  6656 | D:7      | Noticed a +0 hand axe
  6657 | D:7      | Found a hide-covered altar of Uskayaw.
  6672 | D:7      | Found an iron altar of Okawaru.
  6687 | D:8      | Noticed a wyvern
  6689 | D:8      | Noticed a basilisk
  6690 | D:8      | Reached XP level 8. HP: 35/39 MP: 9/9
  6756 | D:7      | Slain by a killer bee

Illustrated notes

##..##.#.#...#.....#.......##....
.................................
##........©........#####.#+##..<.
#....#########....#......>......
#...##8....r8##...#'###.........
#...#.........#......##.........
##...#.#.....#.#......##.######..
##...#..#...#.o#......##.###.....
##...#....©...W#@....[##.........
##...#..#...#..#...#.#######.###.
###..#.#.....#.#...........#.####
# #..#©......g.#.....#####.#.....
###..##8.$[$.8##.................
#.....#########......#####.......
#.........©..........##..........
#................#...##.##.......
#....#...#...#.###...##.##.......


Turn 2956 on D:3: Piso 3 - 1 Rojo

Levels and vault maps discovered:
D:1:      dpeg_arrival_tiny_f, layout_basic
D:2:      layout_basic, uniq_natasha
D:3:      layout_basic, nicolae_ru_the_path_less_chosen, gammafunk_ghost_arena,
          st_stairs_11, uniq_robin, uniq_terence
D:4:      layout_loops_ring, minmay_temple_entry_drinking_statues,
          nicolae_ea-nasir_strikes_again, st_stairs_10
D:5:      layout_rooms, yredelemnul_altar_generic,
          mainiacjoe_overflow_catch_the_wave
D:6:      layout_rooms, vehumet_crystals, lemuel_zombie_altar_kikubaaqudgha,
          serial_shops, shop
D:7:      layout_basic, grunt_temple_overflow_order_and_chaos_2,
          okawaru_trees_1, dancing_weapons_uskayaw, enter_bailey_7,
          minmay_starry_boxes
D:8:      layout_rooms, overflow_temple_1_default, minmay_lair_entry_grove,
          hangedman_decor_opposing
Temple:   dpeg_chambers_temple

Skill      XL: |  1  2  3  4  5  6  7 |
---------------+----------------------+-----
Stealth        | 6 7 8 9 10 | 10.4
Dodging        | 2 3 |  3.4
Short Blades   | 3 4 |  4.2
Fighting       | 2 |  2.3
Throwing       | 3 5 |  5.9

Action                     |  1- 3 |  4- 6 |  7- 9 || total
---------------------------+-------+-------+-------++-------
  Melee: Dagger            |    81 |   222 |    54 ||   357
         Punch             |     1 |     4 |     2 ||     7
  Throw: Dart              |     9 |    24 |     5 ||    38
         Boomerang         |     3 |    33 |    42 ||    78
    Use: Scroll            |       |       |     3 ||     3
         Potion            |       |       |     3 ||     3
   Stab: Sleeping          |    10 |     9 |     7 ||    26
         Distracted        |       |     1 |       ||     1
 Armour: Robe              |    10 |    12 |       ||    22
         Animal skin       |       |     8 |     6 ||    14
  Dodge: Dodged            |    50 |   164 |    54 ||   268
